cohdb
Replays
Latest Replays
All Replays
Popular Replays
Top Player Replays
Match Explorer
How It Works
Community
CoH3 Stats
Reddit
Sign in to upload your games and track your stats! →
Sign in with Steam
Match 47073579
Unlisted
Match 47073579
Overview
Messages
Build Orders
End
Kettenkrad Recon Vehicle
Construct Infanterie Kompanie
Selects Terror Battlegroup
Selects Machine Gun Camouflage
MG 42 Machine Gun Team
Grenadier Squad
Construct Panzergrenadier Kompanie
Selects Interrogate
Panzergrenadier Squad
Support Elements
Nebelwerfer 42 Rocket Launcher Team
Medical Station
Construct Luftwaffe Kompanie
Jäger Squad
Jäger Squad
Construct Panzer Kompanie
Stoßtruppen Squad
Selects No Quarter
Panzer Officer Quarters
Panzer IV Medium Tank
Nebelwerfer 42 Rocket Launcher Team
Stoßtruppen Squad
mr_ako
Keos
PUN-Martin
_Yahagi
Dahlian
Random_Target
🅲🅾🅾🅺🅴🅳
Humbarwhy
0
0
Comments
sign in to comment!
No comments posted yet!